 Dungeon Crawl Stone Soup version 0.23.2-40-g277498a001 (webtiles) character file.

Game seed: 13231959381659303064

4 MisterOstroum the Caller (level 1, 0/10 HPs)
             Began as a Deep Elf Summoner on Sept 22, 2019.
             Slain by a jackal (3 damage)
             ... on level 1 of the Dungeon.
             The game lasted 00:01:27 (232 turns).

MisterOstroum the Caller (Deep Elf Summoner)         Turns: 232, Time: 00:01:28

Health: 0/10       AC:  2    Str:  5    XL:     1   Next: 50%
Magic:  3/6        EV: 13    Int: 19    God:
Gold:   0          SH:  0    Dex: 15    Spells: 5/6 levels left

rFire    . . .     SeeInvis .   b - +0 club
rCold    . . .     Gourm    .   (no shield)
rNeg     . . .     Faith    .   a - +0 robe
rPois    .         Spirit   .   (no helmet)
rElec    .         Reflect  .   (no cloak)
rCorr    .         Harm     .   (no gloves)
MR       .....                  (no boots)
Stlth    ++........             (no amulet)
HPRegen  0.03/turn              (no ring)
MPRegen  0.10/turn              (no ring)

@: no status effects
A: no striking features
a: no special abilities


You were on level 1 of the Dungeon.
You were not hungry.

You visited 1 branch of the dungeon, and saw 1 of its levels.

Inventory:

Hand Weapons
 b - a +0 club (weapon)
Armour
 a - a +0 robe (worn)
Comestibles
 e - a ration


   Skills:
 + Level 0.1 Fighting
 + Level 2.5 Dodging
 + Level 2.5 Stealth
 + Level 3.1 Spellcasting
 + Level 4.4 Summonings


You had 5 spell levels left.
You knew the following spells:

 Your Spells              Type           Power        Failure   Level  Hunger
a - Summon Small Mammal   Summ           ###.         2%          1    None

Your spell library contained the following spells:

 Spells                   Type           Power        Failure   Level  Hunger
 Call Imp                 Summ           ###.....     3%          2    ##.....
 Call Canine Familiar     Summ           ###.....     8%          3    ###....
 Summon Guardian Golem    Hex/Summ       ##......     19%         3    ###....
 Summon Ice Beast         Ice/Summ       ##......     52%         4    ####...
 Summon Lightning Spire   Summ/Air       ##......     52%         4    ####...


Dungeon Overview and Level Annotations

Branches:
Dungeon (1/15)

Altars:


Message History

b - a +0 club Your quokka bites the dart slug.
The dart slug bites you but does no damage.
Wield which item (- for none, * to show all)? (? for menu, Esc to quit)
b - a +0 club (weapon)
Your quokka bites the dart slug but does no damage.
You hit the dart slug but do no damage.
The dart slug is severely wounded.
Your quokka bites the dart slug.
The dart slug dies!
Press: ? - help, v - describe, . - travel The floor.
Removed exclusion.
Magic restored.
Your rat disappears in a puff of smoke!
Found a stone staircase leading down.
Your quokka disappears in a puff of smoke!
A jackal comes into view.
A jackal comes into view.
The jackal barks! x2; You hear a shout!
Found a stone staircase leading down.
There is a stone staircase leading down here.
Casting: Summon Small Mammal (safe; 2% risk of failure)
Confirm with . or Enter, or press ? or * to list all spells.
A jackal comes into view.
Your quokka bites the jackal but does no damage.
You hit the jackal.
The jackal is moderately wounded.
The jackal bites you.
The jackal bites you but does no damage.
Your quokka misses the jackal. The jackal closely misses you.
The jackal misses you.
You closely miss the jackal.
Your quokka completely misses the jackal.
The jackal bites you.
The jackal bites you but does no damage.
Your quokka closely misses the jackal.
You swap places.
The jackal barely misses you.
Your quokka closely misses the jackal.
You barely miss the jackal.
The jackal is moderately wounded.
The jackal bites your quokka. The jackal barely misses your quokka.
The jackal closely misses you.
Your quokka misses the jackal.
A dart slug comes into view.
The jackal misses your quokka. The jackal bites your quokka.
The jackal bites you.
Your quokka misses the jackal. You hit the jackal but do no damage.
The jackal is moderately wounded.
The jackal barely misses your quokka.
The jackal bites your quokka but does no damage.
The jackal bites you.
Your quokka bites the jackal but does no damage.
The jackal barely misses your quokka. x2
Your quokka barely misses the jackal.
The jackal completely misses your quokka.
The jackal closely misses you.
Casting: Summon Small Mammal (safe; 2% risk of failure)
Confirm with . or Enter, or press ? or * to list all spells.
Your quokka bites the jackal.
The jackal dies!
The jackal barely misses you.
Your quokka barely misses the jackal.
Your quokka bites the jackal.
The jackal bites you but does no damage.
Your quokka barely misses the jackal.
Casting: Summon Small Mammal (safe; 2% risk of failure)
Confirm with . or Enter, or press ? or * to list all spells.
The jackal bites you.
* * * LOW HITPOINT WARNING * * *
Your quokka barely misses the jackal.
The jackal misses your quokka. The jackal misses you.
You swap places.
Your quokka barely misses the jackal. x2
The jackal bites your quokka but does no damage.
The jackal bites your rat.
Your rat closely misses the jackal.
Your quokka barely misses the jackal.
Your quokka bites the jackal but does no damage.
The jackal bites your rat.
Your rat dies!
Your rat's corpse disappears in a puff of smoke!
The jackal bites your quokka.
Your quokka closely misses the jackal.
The jackal closely misses your quokka.
Your quokka barely misses the jackal.
The jackal bites your quokka.
Your quokka closely misses the jackal.
Casting: Summon Small Mammal (safe; 2% risk of failure)
Confirm with . or Enter, or press ? or * to list all spells.
The jackal bites your quokka.
Your quokka bites the jackal.
The jackal barely misses your quokka.
Your quokka barely misses the jackal.
The jackal completely misses you.
Your quokka completely misses the jackal.
The jackal closely misses your quokka.
Your quokka bites the jackal.
The jackal closely misses your quokka.
Your quokka closely misses the jackal.
Your quokka misses the jackal. The jackal closely misses you.
The jackal bites your quokka.
Your quokka dies!
Your quokka's corpse disappears in a puff of smoke!
Your quokka closely misses the jackal.
There is an open door here.
Casting: Summon Small Mammal (safe; 2% risk of failure)
Confirm with . or Enter, or press ? or * to list all spells.
The jackal bites you.
You die...

#..♣..<..♣..#
#.........## #
#####'##### #####
######...######...##
...................#
.......⌠........⌠..#
...................#
######...######r..##
# ##>## ##@## ###
### ###h.# ..####
####rr.##
#....#####....###
####...#.h§####
###..w### ##.## ##.#
###.†########.


You could see 2 jackals and 3 friendly quokkas.

Vanquished Creatures
  A bat (D:1)
  A rat (D:1)
2 creatures vanquished.

Vanquished Creatures (collateral kills)
  A dart slug (D:1)
  A goblin (D:1)
  A jackal (D:1)
3 creatures vanquished.

Grand Total: 5 creatures vanquished

Notes
Turn   | Place    | Note
-------+----------+-------------------------------------------
     0 | D:1      | MisterOstroum the Deep Elf Summoner began the quest for the
                  | Orb.
     0 | D:1      | Reached XP level 1. HP: 10/10 MP: 6/6
   232 | D:1      | Slain by a jackal

Action                   || total
-------------------------++-------
Melee: Unarmed           ||    17
       Club              ||     5
 Cast: Summon Small Mamm ||     7
Armor: Robe              ||     5
Dodge: Dodged            ||    25
